 Dungeon Crawl Stone Soup version 0.29-a0-317-gd16b76e6b1 (console) character file.

Game seed: 3216758112131950023

6 Ignak the Skirmisher (level 1, 0/22 HPs)
             Began as an Ogre Warper on Apr 1, 2022.
             Slain by a bat (1 damage)
             ... on level 1 of the Dungeon.
             The game lasted 00:00:48 (185 turns).

Ignak the Skirmisher (Ogre Warper)                   Turns: 185, Time: 00:00:49

Health: 0/22       AC:  3    Str: 14    XL:     1   Next: 90%
Magic:  4/4        EV:  9    Int: 14    God:
Gold:   30         SH:  0    Dex:  8    Spells: 5/5 levels left

rFire   . . .      SeeInvis .   a - +0 mace
rCold   . . .      Faith    .   (no shield)
rNeg    . . .      Spirit   .   b - +0 robe
rPois   .          Reflect  .   (helmet restricted)
rElec   .          Harm     .   (no cloak)
rCorr   .          Rampage  .   (gloves unavailable)
Will    .....                   (boots unavailable)
Stlth   +.........              (no amulet)
HPRegen 0.07/turn               (no ring)
MPRegen 0.09/turn               (no ring)

@: no status effects
A: large, unfitting armour, tough skin 1
a: no special abilities


You were on level 1 of the Dungeon.
You visited 1 branch of the dungeon, and saw 1 of its levels.

You collected 30 gold pieces.

Inventory:

Hand Weapons
 a - a +0 mace (weapon)
Missiles
 d - 7 boomerangs of dispersal (quivered)
Armour
 b - a +0 robe (worn)
Scrolls
 c - a scroll of blinking
 e - a scroll of noise {unknown}
Potions
 f - a potion of brilliance {unknown}
 g - a potion of haste {unknown}


   Skills:
 * Level 2.9 Fighting
 * Level 1.9 Maces & Flails
 + Level 1.1 Throwing
 + Level 2.2 Dodging
 + Level 2.5 Spellcasting
 + Level 2.7 Translocations


You had 5 spell levels left.
You didn't know any spells.
Your spell library contained the following spells:

 Spells                   Type           Power      Damage    Failure   Level
 Blink                    Tloc           18%        N/A       11%         2
 Gell's Gravitas          Tloc           9%         N/A       22%         3
 Lesser Beckoning         Tloc           9%         N/A       22%         3
 Teleport Other           Tloc           9%         N/A       22%         3
 Inner Flame              Hex/Fire       1%         N/A       56%         3
 Manifold Assault         Tloc           9%         N/A       90%         5
 Cause Fear               Hex            0%         N/A       92%         4
 Discord                  Hex            0%         N/A       100%        8


Dungeon Overview and Level Annotations

Branches:
Dungeon (1/15)

Altars:


Innate Abilities, Weirdness & Mutations

You are too large for most types of armour.
You have tough skin. (AC +1)


Message History

The frilled lizard bites you.
You hit the frilled lizard.
You kill the frilled lizard!
No target in view!
A bat comes into view.
A goblin and a ball python come into view.
The goblin shouts!
The ball python hisses angrily.
The bat hits you but does no damage. The bat hits you but does no damage. x2
The bat misses you.
You barely miss the bat. The bat closely misses you.
A bat comes into view.
The ball python bites you. The bat hits you.
You thump the bat!
You kill the bat!
The ball python bites you.
The ball python bites you but does no damage.
You closely miss the ball python. The bat hits you but does no damage.
The ball python bites you. The goblin hits you with a +0 dagger.
You are too injured to fight recklessly!
You are too injured to fight recklessly!
The ball python completely misses you. The bat hits you but does no damage.
The goblin attacks as you move away! The goblin hits you with a +0 dagger.
The bat hits you but does no damage. x2
The goblin attacks as you move away! The goblin hits you with a +0 dagger.
The bat hits you but does no damage. The bat closely misses you.
The goblin attacks as you move away! The goblin hits you with a +0 dagger.
* * * LOW HITPOINT WARNING * * *
The bat hits you.
* * * LOW HITPOINT WARNING * * *
The bat hits you but does no damage. The bat attacks as you move away!
The bat hits you but does no damage. The goblin attacks as you move away!
The goblin hits you with a +0 dagger.
* * * LOW HITPOINT WARNING * * *
The bat barely misses you. The bat attacks as you move away! The bat hits you.
* * * LOW HITPOINT WARNING * * *
The bat misses you. The bat hits you.
You die...

#####.#.# #.#......###.....).####
#.......# #.##.#.###......###....
#.......###....#.##....###.......
#..............#.##...#......####
#................#...#.....###
#.......####.#.#.#...#....##
#............#.#.#...#....##
#............#.#.#...#.....###
#.........####.#@##...#....<.####
#.......... .#b##....###.......
#####+#.########S###......###....
#.........g..###.......####
#..........#.# #####.......
#..........#.# ########
#..........# . #..........# ##
#..........#


You could see a goblin, a bat and a ball python.

Vanquished Creatures
  A bat (D:1)
  A ball python (D:1)
  2 frilled lizards (D:1)
  A kobold (D:1)
  3 rats (D:1)
8 creatures vanquished.

Notes
Turn   | Place    | Note
-------+----------+-------------------------------------------
     0 | D:1      | Ignak the Ogre Warper began the quest for the Orb.
     0 | D:1      | Reached XP level 1. HP: 22/22 MP: 3/3
   185 | D:1      | HP: 1/22 [bat (1)]
   185 | D:1      | Slain by a bat

Illustrated notes

Levels and vault maps discovered:
D:1:      dpeg_arrival_oval, layout_basic, minmay_hexomino_f4

Action                   || total
-------------------------++-------
Melee: Mace              ||    13
 Stab: Sleeping          ||     1
Armor: Robe              ||    14
Dodge: Dodged            ||     9

Table legend: (Time is in decaauts)
 A = Elapsed time spent in this place.
 B = Non-inter-level travel time spent in this place.
 C = Inter-level travel time spent in this place.
 D = Time resting spent in this place.
 E = Time spent auto-exploring this place.
 F = Levels seen in this place.
 G = Mean time per level.
                   A        B        C        D        E       F      G
               +--------+--------+--------+--------+--------+-----+--------+
         Total |    189 |    189 |      0 |      0 |    112 |   1 |  189.0 |
       Dungeon |    189 |    189 |      0 |      0 |    112 |   1 |  189.0 |
               +--------+--------+--------+--------+--------+-----+--------+

Top non-repeatable levels by time:
     D:1: 189 daAuts
